 Dungeon Crawl Stone Soup version 0.24-a0-725-gf1a930fc54 (webtiles) character file.

Game seed: 5228313264483551064, levelgen mode: deterministic

9922 Peloso the Blocker (level 11, -2/95 HPs)
             Began as a Minotaur Fighter on Oct 1, 2019.
             Was an Initiate of Gozag.
             Killed from afar by a deep elf mage (28 damage)
             ... with a bolt of lightning
             ... on level 10 of the Dungeon.
             The game lasted 00:23:48 (8814 turns).

Peloso the Blocker (Minotaur Fighter)               Turns: 8814, Time: 00:23:48

Health: -2/95      AC: 12    Str: 30    XL:     11   Next: 29%
Magic:  11/11      EV: 12    Int:  5    God:    Gozag
Gold:   1947       SH: 15    Dex: 15    Spells: 10/10 levels left

rFire    + . .     SeeInvis .   a - +6 scimitar of Governance {flame, rPois Dex+4}
rCold    . . .     Gourm    .   c - +1 shield
rNeg     . . .     Faith    .   y - +0 chain mail
rPois    +         Spirit   .   (helmet restricted)
rElec    .         Reflect  .   (no cloak)
rCorr    .         Harm     .   (no gloves)
MR       .....                  G - +0 pair of boots
Stlth    ..........             (no amulet)
HPRegen  0.25/turn              p - ring of protection from fire
MPRegen  0.12/turn              u - +5 ring of strength

@: gold aura, slowed, very slow
A: retaliatory headbutt, horns 2, repulsion field 1, strong 1
a: Potion Petition, Call Merchant, Bribe Branch, Renounce Religion


You were on level 10 of the Dungeon.
You worshipped Gozag.
Gozag was most pleased with you.
You were hungry.

You visited 1 branch of the dungeon, and saw 10 of its levels.
You also visited: Sewer.

You collected 2134 gold pieces.
You spent 143 gold pieces at shops.
You paid 44 gold pieces to Gozag.

Inventory:

Hand Weapons
 a - the +6 scimitar of Governance (weapon) {flame, rPois Dex+4}
   (You found it on level 5 of the Dungeon)

   It has been specially enchanted to burn those struck by it, causing extra
   injury to most foes and up to half again as much damage against particularly
   susceptible opponents.
   Big, fiery blades are also staple armaments of hydra-hunters.
   It affects your dexterity (+4).
   It protects you from poison.
 b - a +7 long sword of electrocution
Armour
 c - a +1 shield (worn)
 v - +0 swamp dragon scales
 y - a +0 chain mail (worn)
 G - a +0 pair of boots (worn)
Jewellery
 p - a ring of protection from fire (left hand)
 s - an uncursed ring of resist corrosion
 u - a +5 ring of strength (right hand)
 w - an uncursed ring of magical power
Wands
 n - a wand of random effects (11)
 o - a wand of disintegration (1)
 B - a wand of enslavement (5)
 C - a wand of polymorph (7)
 F - a wand of acid (5)
 H - a wand of iceblast (4)
Scrolls
 e - 4 scrolls of identify
 g - 6 scrolls of amnesia
 h - a scroll of fog
 i - 2 scrolls of fear
 m - 2 scrolls of teleportation
 r - 3 scrolls of enchant weapon
 x - a scroll of noise
 E - 2 scrolls of blinking
 I - 2 scrolls of remove curse
Potions
 d - a potion of might
 j - 2 potions of haste
 k - a potion of berserk rage
 l - a potion of mutation
 q - 5 potions of heal wounds
 t - 5 potions of flight
 z - 3 potions of curing
 A - 2 potions of magic
 D - 2 potions of brilliance
 J - a potion of invisibility
 K - a potion of ambrosia
Comestibles
 f - 16 rations


   Skills:
 + Level 8.9 Fighting
   Level 4.8(8.3) Short Blades
 + Level 11.3(11.8) Long Blades
 + Level 9.1 Armour
 + Level 4.0 Dodging
 + Level 2.1 Stealth
 + Level 11.6 Shields
 + Level 1.5 Evocations


You had 10 spell levels left.
You didn't know any spells.
Your spell library contained the following spells:

 Spells                   Type           Power        Failure   Level  Hunger
 Magic Dart               Conj           #...         97%         1    ##.....
 Poisonous Vapours        Pois/Air       #.....       99%         2    ###....
 Searing Ray              Conj           #.....       99%         2    ###....
 Conjure Flame            Conj/Fire      #.......     100%        3    ####...
 Dazzling Spray           Conj/Hex       #.....       100%        3    ####...
 Mephitic Cloud           Conj/Pois/Air  #.......     100%        3    ####...
 Force Lance              Conj/Tloc      #.......     100%        4    #####..
 Fulminant Prism          Conj/Hex       #.........   100%        4    #####..
 Iskenderun's Mystic Bla  Conj           #.......     100%        4    #####..
 Freezing Cloud           Conj/Ice/Air   #.........   100%        6    #######
 Ring of Flames           Chrm/Fire      #.........   100%        7    #######


Dungeon Overview and Level Annotations

Branches:
Dungeon (10/15)            Temple (0/1) D:5           Sewer (visited)
   Lair: D:8-11         Orc: D:9-12

Altars:
Ashenzari
Dithmenos
Gozag
Okawaru
Ru
Uskayaw
Vehumet
Wu Jian
Xom
Zin
The Shining One

Shops:
D:4 (


Innate Abilities, Weirdness & Mutations

You reflexively headbutt those who attack you in melee.
You have a pair of horns on your head.
You are surrounded by a mild repulsion field. (EV +2)
Your muscles are strong. (Str +2)


Message History

The deep elf mage casts a spell at you. The bolt of lightning hits you!
* * * LOW HITPOINT WARNING * * *
You slash the deep elf mage! You burn the deep elf mage.
You headbutt the deep elf mage, but do no damage.
The deep elf mage is heavily wounded.
The deep elf mage points at you and mumbles some strange words.
The bolt of lightning hits you!!
* * * LOW HITPOINT WARNING * * *
You barely miss the deep elf mage.
The deep elf mage is heavily wounded.
The centaur is no longer distracted by gold.
The centaur becomes distracted by the nearby gold, dreaming of imaginary riches.
The deep elf mage hits you but does no damage.
Unknown command.
You feel much better.
The deep elf mage points at you and mumbles some strange words.
The bolt of lightning hits you!!
You die...
Your body crumbles into a pile of gold.

#..###$$$ .... ###.
. #..###.... $ #.
##...#..... ...
###...$...... #...
#......#..... .....
#.<$...###..#
......#...........#
......e@..###.!..)
####....$## ....#
##...$.# ###.#
#...c.# ## ##....#
######


You could see a deep elf mage and a centaur (unaware).

Vanquished Creatures
  Harold (D:8)
  A two-headed ogre (D:9)
  Erica (D:10)
  Pikel (D:6)
  Psyche (D:8)
  Grinder (Sewer)
  Prince Ribbit (D:8)
  3 hippogriffs
  A vampire (D:10)
  A wyvern (D:9)
  Grum (D:8)
  A steam dragon (D:7)
  2 water moccasins
  Duvessa (D:5)
  A hornet zombie (D:7)
  An orc warrior (D:7)
  A slave (D:6)
  4 ice beasts
  3 black bears
  2 phantoms
  5 sky beasts
  4 wolves (D:8)
  7 ogres
  2 centaurs
  2 big kobolds
  8 bullfrogs
  Dowan (D:5)
  4 scorpions
  3 killer bees (D:6)
  A wight (Sewer)
  5 crimson imps
  3 jellies
  12 hounds
  Crazy Yiuf (D:2)
  A bullfrog skeleton (D:9)
  2 orc priests
  10 orc wizards
  4 iguanas
  Natasha (thrice) (D:2)
  7 worker ants
  2 big kobold zombies (Sewer)
  2 hound zombies (D:7)
  A hound skeleton (D:5)
  A howler monkey zombie (D:7)
  4 gnolls
  12 adders
  8 shadow imps
  4 ufetubi (Sewer)
  An ooze (D:1)
  2 adder zombies
  2 adder skeletons (D:4)
  A worm (D:2)
  10 leopard geckos
  20 orcs
  A bat zombie (Sewer)
  10 giant cockroaches
  A goblin (D:2)
  3 hobgoblins
  10 jackals
  24 kobolds
  9 quokkas
  4 ball pythons
  A ball python skeleton (D:4)
  10 bats
  3 frilled lizards
  A jackal skeleton (D:4)
  3 kobold zombies (Sewer)
  A quokka skeleton (D:7)
  4 rats
269 creatures vanquished.

Vanquished Creatures (others)
  A phantom (D:4)
  An orc wizard (D:3)
2 creatures vanquished.

Grand Total: 271 creatures vanquished

Notes
Turn   | Place    | Note
-------+----------+-------------------------------------------
     0 | D:1      | Peloso the Minotaur Fighter began the quest for the Orb.
     0 | D:1      | Reached XP level 1. HP: 19/19 MP: 0/0
   149 | D:1      | Reached XP level 2. HP: 22/27 MP: 1/1
   318 | D:1      | Reached XP level 3. HP: 27/33 MP: 2/2
   851 | D:2      | Noticed Natasha
   859 | D:2      | Killed Natasha
  1042 | D:2      | Reached XP level 4. HP: 40/40 MP: 3/3
  1068 | D:2      | Noticed Natasha
  1079 | D:2      | Killed Natasha
  1083 | D:2      | Noticed Natasha
  1089 | D:2      | Killed Natasha
  1127 | D:2      | Gained mutation: Your muscles are strong. (Str +2) [potion
                  | of mutation]
  1127 | D:2      | Gained mutation: You have a pair of large horns on your
                  | head. [potion of mutation]
  1127 | D:2      | Gained mutation: You expend magic power (3 MP) to
                  | strengthen your wands. [potion of mutation]
  1127 | D:2      | Gained mutation: Your mind is acute. (Int +2) [potion of
                  | mutation]
  1128 | D:2      | Lost mutation: Your mind is acute. (Int +2) [potion of
                  | mutation]
  1128 | D:2      | Lost mutation: You have a pair of large horns on your head.
                  | [potion of mutation]
  1128 | D:2      | Lost mutation: Your muscles are strong. (Str +2) [potion of
                  | mutation]
  1128 | D:2      | Gained mutation: You are weak. (Str -2) [potion of
                  | mutation]
  1128 | D:2      | Gained mutation: You have sharp toenails. [potion of
                  | mutation]
  1282 | D:2      | Lost mutation: You are weak. (Str -2) [potion of mutation]
  1282 | D:2      | Lost mutation: You expend magic power (3 MP) to strengthen
                  | your wands. [potion of mutation]
  1282 | D:2      | Lost mutation: You have sharp toenails. [potion of
                  | mutation]
  1282 | D:2      | Gained mutation: Scrolls take you a little longer to read.
                  | [potion of mutation]
  1282 | D:2      | Gained mutation: You are partially covered in iridescent
                  | scales. (AC +2) [potion of mutation]
  1282 | D:2      | Gained mutation: You have large cloven feet. [potion of
                  | mutation]
  1283 | D:2      | Lost mutation: Scrolls take you a little longer to read.
                  | [potion of mutation]
  1283 | D:2      | Lost mutation: You have large cloven feet. [potion of
                  | mutation]
  1283 | D:2      | Lost mutation: You are partially covered in iridescent
                  | scales. (AC +2) [potion of mutation]
  1283 | D:2      | Gained mutation: You expend magic power (3 MP) to
                  | strengthen your wands. [potion of mutation]
  1283 | D:2      | Gained mutation: Your flesh is cold resistant. (rC+)
                  | [potion of mutation]
  1283 | D:2      | Gained mutation: You have a pair of large horns on your
                  | head. [potion of mutation]
  1284 | D:2      | Lost mutation: Your flesh is cold resistant. (rC+) [potion
                  | of mutation]
  1284 | D:2      | Lost mutation: You have a pair of large horns on your head.
                  | [potion of mutation]
  1284 | D:2      | Lost mutation: You expend magic power (3 MP) to strengthen
                  | your wands. [potion of mutation]
  1284 | D:2      | Gained mutation: You are surrounded by a mild repulsion
                  | field. (EV +2) [potion of mutation]
  1284 | D:2      | Gained mutation: Your muscles are strong. (Str +2) [potion
                  | of mutation]
  1543 | D:2      | Found a runed translucent door.
  1544 | D:2      | Noticed Crazy Yiuf
  1555 | D:2      | Killed Crazy Yiuf
  1555 | D:2      | Reached XP level 5. HP: 44/47 MP: 2/4
  1695 | D:3      | Noticed an ogre
  1708 | D:3      | Killed an ogre
  1708 | D:3      | Reached skill level 5 in Armour
  1708 | D:3      | Reached skill level 1 in Dodging
  1883 | D:3      | Reached skill level 5 in Long Blades
  1883 | D:3      | Reached XP level 6. HP: 52/53 MP: 5/5
  2288 | D:3      | Found an opulent altar of Gozag.
  2306 | D:3      | Became a worshipper of Gozag Ym Sagoz the Greedy
  2633 | D:4      | Found Ruckirient's Antique Weapon Shoppe.
  2642 | D:4      | Bought a glowing long sword for 143 gold pieces
  2676 | D:4      | Found a shimmering altar of Xom.
  2679 | D:4      | Reached skill level 5 in Shields
  2680 | D:4      | Noticed an angel
  2685 | D:4      | Found a glowing silver altar of Zin.
  2730 | D:4      | Found a glowing golden altar of the Shining One.
  2842 | D:4      | Reached XP level 7. HP: 44/60 MP: 6/6
  2876 | D:4      | Reached skill level 5 in Fighting
  2977 | D:5      | Entered Level 5 of the Dungeon
  3048 | D:5      | Reached skill level 1 in Short Blades
  3103 | D:5      | Found a staircase to the Ecumenical Temple.
  3265 | D:5      | Found a shattered altar of Ashenzari.
  3275 | D:5      | Found a glowing drain.
  3304 | D:5      | Noticed Duvessa
  3304 | D:5      | Noticed Dowan
  3308 | Sewer    | Entered a sewer
  3466 | Sewer    | Found an ancient bone altar of Kikubaaqudgha.
  3472 | Sewer    | Noticed Grinder
  3477 | Sewer    | Paralysed by Grinder for 2 turns
  3483 | Sewer    | Identified the +5 ring mail "Efimitut" {MR+ Str+4 Dex+4}
  3490 | Sewer    | Killed Grinder
  3490 | Sewer    | Reached XP level 8. HP: 40/70 MP: 7/7
  3779 | D:5      | Killed Duvessa
  3787 | D:5      | Killed Dowan
  3862 | D:5      | Got a brightly glowing scimitar
  4126 | D:5      | Found a radiant altar of Vehumet.
  4305 | D:6      | Reached skill level 1 in Stealth
  4613 | D:6      | Reached XP level 9. HP: 58/75 MP: 8/8
  4616 | D:6      | Identified the +6 scimitar of Governance {flame, rPois
                  | Dex+4} (You found it on level 5 of the Dungeon)
  4823 | D:6      | Noticed Pikel
  4839 | D:6      | Killed Pikel
  5022 | D:6      | Found a hide-covered altar of Uskayaw.
  5491 | D:7      | Found a shattered altar of Ashenzari.
  5512 | D:7      | Reached skill level 10 in Shields
  5795 | D:7      | Reached XP level 10. HP: 86/86 MP: 9/9
  6412 | D:8      | Noticed Grum
  6422 | D:8      | Killed Grum
  6655 | D:8      | Noticed Psyche
  6664 | D:8      | Killed Psyche
  7005 | D:8      | Noticed Harold
  7014 | D:8      | Killed Harold
  7014 | D:8      | Reached skill level 10 in Long Blades
  7014 | D:8      | Reached skill level 1 in Evocations
  7232 | D:8      | Noticed Prince Ribbit
  7236 | D:8      | Killed Prince Ribbit
  7352 | D:8      | Found an ornate altar of the Wu Jian Council.
  7485 | D:8      | Found an iron altar of Okawaru.
  7643 | D:9      | Noticed a two-headed ogre
  7648 | D:9      | Killed a two-headed ogre
  7648 | D:9      | Reached XP level 11. HP: 72/95 MP: 11/11
  7918 | D:9      | Found a shadowy altar of Dithmenos.
  8048 | D:9      | Got a smelly leather armour
  8059 | D:9      | Identified the +0 leather armour of Quantum Leap {+Blink
                  | rC+ Dex-2} (You found it on level 9 of the Dungeon)
  8274 | D:9      | Found a sacrificial altar of Ru.
  8786 | D:10     | Entered Level 10 of the Dungeon
  8788 | D:10     | Noticed Erica
  8798 | D:10     | Noticed a deep elf mage
  8805 | D:10     | Killed Erica
  8812 | D:10     | HP: 4/95 [deep elf mage/bolt of lightning (22)]
  8814 | D:10     | Killed from afar by a deep elf mage

Levels and vault maps discovered:
D:1:      dpeg_arrival_windows_large_door, layout_basic, serial_bayou,
          serial_bayou_pond_e, serial_bayou_shore_b, serial_bayou_lagoon_a,
          serial_bayou_pond_e, chequers_serial_rivers_micro_b
D:2:      layout_basic, uniq_crazy_yiuf_cottage, uniq_natasha
D:3:      layout_loops_corners, nicolae_gozag_seed_capital
D:4:      layout_cave_pools, grunt_temple_overflow_order_and_chaos_1,
          tso_metal_star, nemelex_xobeh_ov_fountains_minmay, serial_shops, shop
D:5:      layout_basic, kennysheep_mini, temple_doors_e, first_ration,
          portal_sewer_entry_f, nicolae_ashenzari_panopticon, uniq_duvessa
D:6:      layout_basic, nicolae_overflow_hidden_temple, uniq_pikel
D:7:      layout_loops_ring, nicolae_overflow_crystal_walls,
          chequers_mini_garden, grunt_ogre_cave, minmay_alternating_orb
D:8:      layout_basic, lemuel_crystal_altar, kennysheep_little_box,
          uniq_prince_ribbit1, uniq_harold, uniq_psyche, uniq_grum
D:9:      layout_gridville, kennysheep_mini_moat, overflow_temple_1_default
D:10:     cheibrodos_helix_gallery, layout_cave_pools, minmay_lair_entry_grove,
          hiddenorc1_lemuel, uniq_maurice, uniq_erica, uniq_nergalle

Skill      XL: |  1  2  3  4  5  6  7  8  9 10 11 |
---------------+----------------------------------+-----
Armour         | 4 5 6 7 8 9 |  9.1
Long Blades    | 3 4 5 8 10 11 | 11.3
Fighting       | 4 5 6 7 8 |  8.9
Shields        | 4 5 6 8 10 11 | 11.6
Dodging        | 1 2 3 4 |  4.0
Short Blades   | 2 4 |  4.8
Stealth        | 1 2 |  2.1
Evocations     | 1 |  1.5

Action                   |  1- 3 |  4- 6 |  7- 9 | 10-12 || total
-------------------------+-------+-------+-------+-------++-------
Melee: Long sword        |    52 |   101 |       |       ||   153
       Headbutt          |    12 |    25 |    97 |    51 ||   185
       Short sword       |       |    24 |   290 |       ||   314
       Scimitar          |       |       |   105 |   178 ||   283
Evoke: Wand              |       |       |       |     9 ||     9
  Use: Potion            |       |     8 |     3 |     2 ||    13
       Scroll            |       |     8 |     2 |     8 ||    18
 Stab: Distracted        |       |       |       |     2 ||     2
  Eat: Chunk             |     1 |     4 |       |       ||     5
       Ration            |       |       |     3 |     3 ||     6
Armor: Scale mail        |    23 |    32 |       |       ||    55
       Chain mail        |       |    12 |   118 |    54 ||   184
Dodge: Dodged            |    26 |    35 |    95 |    58 ||   214
Block: Shield            |    29 |    68 |   277 |   115 ||   489
       Rpst.: Long sword |     5 |     8 |       |       ||    13
       Scimitar          |       |       |     4 |    15 ||    19

Table legend:
 A = Non-vault XP
 B = Vault XP
 C = Vault XP percentage of total XP
 D = Non-vault monster count
 E = Vault monster count
 F = Vault count percentage of total count
                 A         B        C        D         E       F
            +---------+---------+-------+---------+---------+-------
      Total |    8377 |    5798 |  40.9 |     204 |      65 |  24.2
            +---------+---------+-------+---------+---------+-------
        D:1 |      45 |       0 |   0.0 |      17 |       0 |   0.0
        D:2 |     110 |      75 |  40.5 |      18 |       2 |  10.0
        D:3 |     281 |       0 |   0.0 |      28 |       0 |   0.0
        D:4 |     361 |       0 |   0.0 |      16 |       0 |   0.0
        D:5 |     322 |     238 |  42.5 |      10 |       7 |  41.2
        D:6 |    1485 |     617 |  29.4 |      29 |       1 |   3.3
        D:7 |    1472 |     893 |  37.8 |      29 |      12 |  29.3
        D:8 |    1207 |    2369 |  66.2 |      22 |       8 |  26.7
        D:9 |    2569 |       0 |   0.0 |      30 |       0 |   0.0
       D:10 |     525 |     902 |  63.2 |       5 |       1 |  16.7
      Sewer |       0 |     704 | 100.0 |       0 |      34 | 100.0
            +---------+---------+-------+---------+---------+-------
